 Dungeon Crawl Stone Soup version 0.20-a0-309-gcba9277 (webtiles) character file.

54 CursedShadow the Caller (level 3, -2/26 HPs)
             Began as a Draconian Summoner on Dec 18, 2016.
             Killed by divine providence
             ... invoked by an orc priest
              (13 damage)
             ... on level 3 of the Dungeon.
             The game lasted 00:11:24 (2791 turns).

CursedShadow the Caller (Draconian Summoner)        Turns: 2791, Time: 00:11:25

Health: -2/26      AC:  5    Str: 10    XL:     3   Next: 66%
Magic:  4/6        EV: 12    Int: 16    God:
Gold:   199        SH:  0    Dex: 11    Spells: 5/6 levels left

rFire  . . .     SeeInvis .     d - +1 mace
rCold  . . .     Gourm    .     (armour unavailable)
rNeg   . . .     Faith    .     (no shield)
rPois  .         Spirit   .     (helmet restricted)
rElec  .         Reflect  .     (no cloak)
rCorr  .         Harm     .     (no gloves)
MR     .....                    (no boots)
Stlth  ++........               (no amulet)
                                (no ring)
                                (no ring)

@: no status effects
A: unfitting armour, cold-blooded, AC +5
a: no special abilities


You were on level 3 of the Dungeon.
You were not hungry.

You visited 1 branch of the dungeon, and saw 3 of its levels.

You collected 199 gold pieces.

Inventory:

Hand Weapons
 c - a +0 spear
 d - a +1 mace (weapon)
Missiles
 g - 21 bolts
 h - 74 stones (quivered)
 k - 64 arrows
Jewellery
 l - a cursed ring of teleportation {unknown}
Scrolls
 f - 4 scrolls of identify
Potions
 e - 2 potions of flight
Books
 a - a book of Callings

   Spells                             Type                      Level
   a - Summon Small Mammal            Summoning                    1
   b - Call Imp                       Summoning                    2
   c - Call Canine Familiar           Summoning                    3
   d - Summon Guardian Golem          Hexes/Summoning              3
   e - Summon Lightning Spire         Summoning/Air                4
   f - Summon Ice Beast               Ice/Summoning                4
 j - a book of Maledictions

   Spells                             Type                      Level
   a - Corona                         Hexes                        1
   b - Ensorcelled Hibernation        Hexes/Ice                    2
   c - Confuse                        Hexes                        3
   d - Tukima's Dance                 Hexes                        3
   e - Dazzling Spray                 Conjuration/Hexes            3
Comestibles
 b - a bread ration
 i - 2 slices of pizza


   Skills:
 + Level 0.8 Maces & Flails
 + Level 2.0 Dodging
 + Level 2.1 Stealth
 + Level 2.3 Spellcasting
 + Level 4.6 Summonings


You had 5 spell levels left.
You knew the following spells:

 Your Spells              Type           Power        Failure   Level  Hunger
a - Summon Small Mammal   Summ           ###.         3%          1    #......


Dungeon Overview and Level Annotations

Branches:
Dungeon (3/15)

Altars:
Okawaru


Innate Abilities, Weirdness & Mutations

Your plain brown scales are hard. (AC +5)
You cannot fit into any form of body armour.
You are cold-blooded and may be slowed by cold attacks.


Message History

Your bat dies!
Your bat's corpse disappears in a puff of smoke!
Your bat hits the worm.
Your bat hits the worm but does no damage. x2
The orc misses you. Something completely misses your bat.
Your bat barely misses the worm.
Your bat barely misses the worm.
Your bat hits the orc priest.
The orc priest hits your bat with a trident.
The orc closely misses you.
Your bat appears confused.
Your bat barely misses the orc priest. x2
The orc priest hits your bat with a trident!
Your bat dies!
Your bat's corpse disappears in a puff of smoke!
Casting: Summon Small Mammal
Confirm with . or Enter, or press ? or * to list all spells.
The orc priest mumbles some strange prayers to Beogh against you.
Beogh smites you!
Ouch! That really hurt!
You die...

##.#. ...>...# .....#####
##.#....# #.....## ###....#
#.#...<..## #....####### ##
##.#.......####.##..[)...##..>.
................##{o.........#
##.........#######§##§..##..##
...........######w§#.....# ..#
##............b.@o...._........
#.........######o.#.....#..#.#
#.........# ##.##...##....#
#.........# #........ .###
#.........# ###...... #
#.........# ####... ##.......##
#### ##.....## #######


You could see a worm, an orc priest, 2 orcs and a friendly bat.

Vanquished Creatures
  An adder (D:2)
  2 worms (D:2)
  A leopard gecko (D:2)
  2 giant cockroaches (D:1)
  4 goblins
  3 hobgoblins
  4 kobolds
  5 bats
  A frilled lizard (D:2)
  A rat (D:2)
24 creatures vanquished.

Vanquished Creatures (collateral kills)
  An ooze (D:1)
  2 dart slugs
  A ball python (D:2)
  2 bats (D:1)
  5 goblins
  3 rats (D:1)
14 creatures vanquished.

Grand Total: 38 creatures vanquished

Notes
Turn   | Place    | Note
-------+----------+-------------------------------------------
     0 | D:1      | CursedShadow the Draconian Summoner began the quest for the Orb.
     0 | D:1      | Reached XP level 1. HP: 14/14 MP: 3/3
     2 | D:1      | Noticed a ghoul
     2 | D:1      | Noticed a spriggan
     5 | D:1      | Noticed a human
     7 | D:1      | Noticed an ogre
     7 | D:1      | Noticed a merfolk
     9 | D:1      | Noticed a draconian
     9 | D:1      | Noticed a demigod
    11 | D:1      | Noticed a vine stalker
    11 | D:1      | Noticed a gargoyle
    13 | D:1      | Noticed a tengu
    13 | D:1      | Noticed an octopode
    15 | D:1      | Noticed a formicid
    17 | D:1      | Noticed a felid
    19 | D:1      | Noticed a minotaur
    19 | D:1      | Noticed a naga
    21 | D:1      | Noticed an elf
    23 | D:1      | Noticed a centaur
    23 | D:1      | Noticed a dwarf
    25 | D:1      | Noticed a halfling
    25 | D:1      | Noticed a vampire
    27 | D:1      | Noticed a troll
    27 | D:1      | Noticed a demonspawn
   632 | D:1      | Reached XP level 2. HP: 20/20 MP: 3/5
  1215 | D:2      | Reached XP level 3. HP: 18/26 MP: 6/6
  2767 | D:3      | Found an iron altar of Okawaru.
  2791 | D:3      | Killed from afar by an orc priest

Vault maps used:
D:1:      kb_arrival_jail, st_stairs_4, minmay_misc_feat_ornament,
          hangedman_feature_mirror
D:2:      hex_intersection, minmay_pentomino_q2
D:3:      roderic_digamma_sauvastika, corexii_item_surrounded_by_moat,
          chequers_big_river, okawaru_gym_becter, uniq_jessica

Skill      XL: |  1  2  3 |
---------------+----------+-----
Dodging        | 2 |  2.0
Stealth        | 2 |  2.1
Maces & Flails | |  0.8
Spellcasting   | |  2.3
Summonings     | |  4.6

Action                   || total
-------------------------++-------
Melee: Spear             ||    22
       Mace              ||    67
       Tailslap          ||     9
       Unarmed           ||     3
 Cast: Summon Small Mamm ||    43
  Use: Scroll            ||     5
       Potion            ||     3
 Stab: Sleeping          ||     3
  Eat: Bread ration      ||     2
Armor: Skin              ||    29
Dodge: Dodged            ||    85
